 Dungeon Crawl Stone Soup version 0.19-a0-1686-g35356ef (webtiles) character file.

53 st0uf the Chopper (level 3, -1/28 HPs)
             Began as a Demonspawn Gladiator on Sept 25, 2016.
             Slain by a gnoll
             ... wielding a cursed +0 spear
              (5 damage)
             ... on level 2 of the Dungeon.
             The game lasted 00:03:07 (1244 turns).

st0uf the Chopper (Demonspawn Gladiator)            Turns: 1244, Time: 00:03:08

Health: -1/28      AC:  7    Str: 16    XL:     3   Next: 64%
Magic:  3/3        EV: 13    Int:  9    God:
Gold:   150        SH:  0    Dex: 13    Spells: 0 memorised, 2 levels left

rFire  . . .     SeeInvis .     a - +0 war axe
rCold  . . .     Gourm    .     b - +0 leather armour
rNeg   . . .     Faith    .     (no shield)
rPois  .         Spirit   .     c - +0 helmet
rElec  .         Dismiss  .     (no cloak)
rCorr  .         Reflect  .     (no gloves)
MR     .....     Harm     .     (no boots)
Stlth  +.........               (no amulet)
                                (no ring)
                                (no ring)

@: no status effects
A: slimy green scales 1
a: no special abilities


You were on level 2 of the Dungeon.
You were not hungry.

You visited 1 branch of the dungeon, and saw 2 of its levels.

You collected 150 gold pieces.

Inventory:

Hand Weapons
 a - a +0 war axe (weapon)
Missiles
 d - 3 throwing nets (quivered)
Armour
 b - a +0 leather armour (worn)
 c - a +0 helmet (worn)
Jewellery
 k - a +2 amulet of reflection {unknown}
Scrolls
 e - 3 scrolls of identify {unknown}
 i - 2 scrolls of amnesia {unknown}
 j - 2 scrolls of remove curse {unknown}
 l - a scroll of magic mapping {unknown}
 m - a scroll of blinking {unknown}
 r - a scroll of teleportation {unknown}
Potions
 h - a potion of haste {unknown}
 n - 2 potions of ambrosia {unknown}
 p - a potion of lignification {unknown}
 q - a potion of flight {unknown}
Comestibles
 f - 2 bread rations
 g - a meat ration
 o - a chunk of flesh
 s - a beef jerky


   Skills:
 * Level 2.8 Fighting
 * Level 3.3 Axes
 - Level 1.7 Throwing
 + Level 0.5 Armour
 + Level 3.0 Dodging


You had 2 spell levels left.
You didn't know any spells.

Dungeon Overview and Level Annotations

Branches:
Dungeon (2/15)

Altars:
Dithmenos


Innate Abilities, Weirdness & Mutations

You are partially covered in slimy green scales. (AC +2)


Message History

You slash the gnoll! The gnoll hits you with a club!
The gnoll barely misses you.
You barely miss the gnoll.
The gnoll is almost dead.
You hit the gnoll. The gnoll hits you with a spear.
The gnoll hits you with a club.
* * * LOW HITPOINT WARNING * * *
The gnoll misses you. The gnoll hits you with a club.
* * * LOW HITPOINT WARNING * * *
You hit the gnoll.
The gnoll is almost dead.
You barely miss the adder. You closely miss the gnoll.
The adder bites you but does no damage. The gnoll barely misses you.
The adder bites you but does no damage. The gnoll misses you.
Unknown command.
You closely miss the gnoll.
The gnoll is almost dead.
You hit the adder. You closely miss the gnoll. The adder completely misses you.
The gnoll hits you with a spear.
You die...

############ #..........#
#..........# #..........##
##########...........#
#.....#.........<....####..
..............................
.................S............ .
................@g............ ..
.................g............ ..
..............#.............. .#
...........................# ##.#
...........................###..#
..................#............#
#.....#..........###.......##..##
##...#...........# #.......###...
##.#.#.###..##..## #.......###.#.


You could see 2 gnolls and an adder.

Vanquished Creatures
  A gnoll (D:2)
  An ooze (D:2)
  A worm (D:2)
  4 dart slugs
  A leopard gecko (D:2)
  2 bats (D:1)
  5 giant cockroaches
  2 goblins
  A hobgoblin (D:1)
  3 kobolds
  A ball python (D:1)
  4 frilled lizards (D:1)
  3 rats (D:2)
29 creatures vanquished.

Notes
Turn   | Place    | Note
-------+----------+-------------------------------------------
     0 | D:1      | st0uf the Demonspawn Gladiator began the quest for the Orb.
     0 | D:1      | Reached XP level 1. HP: 16/16 MP: 1/1
   392 | D:1      | Gained mutation: You are partially covered in slimy green scales. (AC +2) [demonic ancestry]
   392 | D:1      | Reached XP level 2. HP: 22/22 MP: 2/2
   971 | D:2      | Reached XP level 3. HP: 23/28 MP: 3/3
  1069 | D:2      | Found a shadowy altar of Dithmenos.
  1244 | D:2      | Slain by a gnoll

Vault maps used:
D:1:      dpeg_arrival_stone_temple_mockup
D:2:      nicolae_dithmenos_through_a_glass_darkly, minmay_pentomino_v2

Skill      XL: |  1  2  3 |
---------------+----------+-----
Axes           | 3 |  3.3
Dodging        | 3 |  3.0
Fighting       | |  2.8
Throwing       | |  1.7
Armour         | |  0.5

Action                   || total
-------------------------++-------
Melee: War axe           ||    97
  Eat: Chunk             ||     1
Armor: Leather armour    ||    28
Dodge: Dodged            ||    78
